AoeStats
← Berni

Arabia

510935835Analyzed
2v2 RM · 17h ago on Oct 3, 2026· 29m 57s· 4 players
Game mode
Random Map
Map size
Medium (4 player)
Population
200
Speed
Normal
Resources
Standard
Victory
Conquest
Starting age
Dark Age
Ending age
Imperial Age
RankedLock teamsTeams togetherTeam positionsShared explorationLock speedFull tech treeHidden civsTurbo modeCheats
Victory
Defeat
🇮🇳 Persians · India
1333
+16
🇮🇳 Dravidians · India
1319
+16
🇲🇽 Wei · Mexico
1326
-16
🇲🇽 Ethiopians · Mexico
1322
-16
Phoenician Furry
7:09 Loom
9:23 Feudal Age
10:03 Double-Bit Axe
11:42 Horse Collar
20:32 Forging
25:05 Castle Age
23:16 Gold Mining
23:58 Bloodlines
25:22 Scale Barding Armor
25:53 Husbandry
Berni
6:19 Loom
10:11 Feudal Age
10:14 Man-at-Arms
10:44 Double-Bit Axe
17:46 Padded Archer Armor
17:41 Fletching
17:57 Padded Archer Armor
26:26 Castle Age
24:54 Gold Mining
26:28 Crossbowman
27:04 Bodkin Arrow
27:24 Leather Archer Armor
Alexander
6:51 Loom
9:48 Feudal Age
10:33 Double-Bit Axe
16:07 Fletching
19:15 Gold Mining
23:06 Castle Age
21:00 Horse Collar
22:08 Padded Archer Armor
23:10 Crossbowman
23:56 Thumb Ring
24:00 Bodkin Arrow
26:50 Wheelbarrow
Yo_N3m3sis
5:22 Loom
8:44 Feudal Age
9:46 Double-Bit Axe
10:30 Horse Collar
19:56 Wheelbarrow
23:46 Castle Age
22:48 Bloodlines
23:48 Forging
24:34 Husbandry
25:49 Gold Mining
28:04 Scale Barding Armor
31:11 Iron Casting
Connection lost

Rejoining the realm…

Still unreachable

The connection could not be restored.

Session expired

The server has moved on; the page needs a fresh start.